 Dungeon Sprint DCSS version 0.19.1 (webtiles) character file.

27070 equalderp2856 the Sabretooth (level 13, 0/63 HPs)
             Began as a Felid Fighter on Dec 1, 2016.
             Was an Initiate of Gozag.
             Slain by Mennas
             ... wielding a +4 trishula of holy wrath
              (27 damage)
             ... in the Dungeon (Sprint IX: "|||||||||||||||||||||||||||||").
             The game lasted 00:41:08 (16774 turns).

equalderp2856 the Sabretooth (Felid Fighter)       Turns: 16774, Time: 00:41:08

Health: 0/63       AC:  3    Str: 14    XL:     13   Next: 2%
Magic:  27/27      EV: 37    Int: 11    God:    Gozag
Gold:   12315      SH:  0    Dex: 17    Spells: 6 memorised, 20 levels left
                                        Lives:  0   Deaths: 4

rFire  . . .     SeeInvis +       - Unarmed
rCold  + . .     Gourm    .     (armour unavailable)
rNeg   . . .     Faith    .     (shield unavailable)
rPois  +         Spirit   .     (helmet unavailable)
rElec  .         Reflect  .     (cloak unavailable)
rCorr  .         Harm     .     (gloves unavailable)
MR     +....     NoTele   +     (boots unavailable)
Stlth  ++++......               (no amulet)
                                G - ring of poison resistance
                                n - +2 ring of evasion

@: glowing, repel missiles, quick
A: no armour, no weapons or thrown items, stealth, claws 1, fangs 3, see
invisible, carnivore 3, speed 1, shaggy fur 3, slow metabolism 1, sharp paws
a: Potion Petition, Call Merchant, Bribe Branch, Renounce Religion


You were in the Dungeon.
You worshipped Gozag.
Gozag was extremely pleased with you.
You were not hungry.

You visited 1 branch You collected 18761 gold pieces.
You spent 2592 gold pieces at shops.
You paid 3854 gold pieces to Gozag.

Inventory:

Jewellery
 m - a +3 ring of dexterity
 n - a +2 ring of evasion (left paw)
 w - an uncursed ring of protection from fire
 E - an uncursed ring of protection from fire
 F - an uncursed ring of protection from magic
 G - a ring of poison resistance (right paw)
Wands
 g - a wand of lightning (7/15)
 l - a wand of acid (0/15)
 t - a wand of random effects (12/48)
Scrolls
 h - 2 scrolls of blinking
 j - 4 scrolls of remove curse
 k - 3 scrolls of amnesia
 q - 4 scrolls of fog
 r - a scroll of identify
 v - a scroll of magic mapping {unknown}
 x - 2 scrolls of recharging {unknown}
 y - a scroll of immolation {unknown}
 A - a scroll of summoning
 J - 2 scrolls of fear
Potions
 a - a potion of might
 b - 2 potions of lignification {unknown}
 c - 4 potions of curing
 d - a potion of invisibility
 e - 2 potions of haste
 f - 4 potions of magic
 i - a potion of mutation {unknown}
 o - a potion of resistance
 u - 2 potions of agility
 z - 2 potions of degeneration {unknown}
 H - a potion of cure mutation
Books
 p - a book of Maledictions

   Spells                             Type                      Level
   a - Corona                         Hexes                        1
   b - Ensorcelled Hibernation        Hexes/Ice                    2
   c - Confuse                        Hexes                        3
   d - Tukima's Dance                 Hexes                        3
   e - Dazzling Spray                 Conjuration/Hexes            3
 B - a book of Misfortune

   Spells                             Type                      Level
   a - Confusing Touch                Hexes                        1
   b - Confuse                        Hexes                        3
   c - Gell's Gravitas                Hexes/Translocation          3
   d - Petrify                        Transmutation/Earth          4
   e - Metabolic Englaciation         Hexes/Ice                    5
   f - Yara's Violent Unravelling     Hexes/Transmutation          5
 C - a book of Beasts

   Spells                             Type                      Level
   a - Summon Butterflies             Summoning                    1
   b - Call Canine Familiar           Summoning                    3
   c - Summon Ice Beast               Ice/Summoning                4
   d - Summon Mana Viper              Hexes/Summoning              5
   e - Summon Hydra                   Summoning                    7
 D - a book of Air

   Spells                             Type                      Level
   a - Shock                          Conjuration/Air              1
   b - Swiftness                      Charms/Air                   2
   c - Repel Missiles                 Charms/Air                   2
   d - Static Discharge               Conjuration/Air              3
   e - Lightning Bolt                 Conjuration/Air              5
Comestibles
 s - 8 meat rations


   Skills:
 + Level 11.3 Fighting
 + Level 21.1 Dodging
 + Level 25.2 Stealth
 O Level 27 Unarmed Combat
 + Level 9.3 Spellcasting
 + Level 6.7 Hexes
 + Level 4.8 Charms
 + Level 6.5 Summonings
 + Level 3.6 Air Magic
 + Level 4.6 Evocations


You had 20 spell levels left.
You knew the following spells:

 Your Spells              Type           Power        Failure   Level  Hunger
a - Confusing Touch       Hex            ###...       1%          1    None
b - Swiftness             Chrm/Air       ##......     3%          2    None
c - Confuse               Hex            ###.....     2%          3    ##.....
d - Repel Missiles        Chrm/Air       ##....       3%          2    None
e - Corona                Hex            ###....      1%          1    None
f - Summon Butterflies    Summ           ###.....     1%          1    None


Dungeon Overview and Level Annotations

Branches:
Dungeon (1/1)

Altars:
Cheibriados
Dithmenos
Elyvilon
Fedhas
Gozag
Hepliaklqana
Kikubaaqudgha
Makhleb
Nemelex Xobeh
Okawaru
Qazlal
Ru
Sif Muna
Trog
Uskayaw
Vehumet
Xom
Yredelemnul
Zin
The Shining One
Beogh
Jiyva
Lugonu

Shops:
D *:!**:*

Annotations:
D Maurice, Mennas


Innate Abilities, Weirdness & Mutations

You cannot wear armour.
You are incapable of wielding weapons or throwing items.
Your paws allow you to move quietly. (Stealth)
You have sharp claws.
You have razor-sharp teeth.
You have supernaturally acute eyesight. (SInv)
You are carnivorous and can eat meat at any time.
You cover ground quickly.
Your thick and shaggy fur keeps you warm. (AC +3, rC+)
You have a slow metabolism.
Your sharp claws are effective at attacking unaware monsters.


Message History

You destroy Boris!
Boris says, "Kill me?
I think not!"
Your Dodging skill increases to level 21!
Your Stealth skill increases to level 25!
Welcome back to level 13!
You now have 12315 gold pieces (gained 72).
c - 4 potions of curing (gained 1)
You see here a glowing robe.
There is an open door to the Dungeon here.
Things that are here:
an arbalest; 13 bolts
Things that are here:
a great sword of flaming; a scale mail You see here 3 large rocks.
Mennas hits you with a trishula of holy wrath!!
Mennas completely misses you. Mennas blocks your attack.
Your claw misses Mennas.
Mennas hits you with a trishula of holy wrath!!
You die...
Your body crumbles into a pile of gold.

(.((.'....(.....[[[[[[[[.))))))[)
▓▓▓▓▓▓▓▓▓▓▓▓▓▓▓▓▓▓▓▓▓▓▓▓▓▓▓▓▓▓▓▓▓
.................................
▓▓▓▓▓▓▓▓▓▓▓▓▓▓▓▓▓▓▓▓▓▓▓♣♣♣♣♣♣♣♣♣♣
..'[(....([.[..())....'.....(.[.'
▓▓▓▓▓▓▓▓▓▓▓▓▓▓▓▓▓▓▓▓▓▓▓♣♣♣♣♣♣♣♣♣♣
[......................(.)...)...
▓▓▓▓▓▓▓▓▓▓▓▓▓▓▓▓▓▓▓▓▓▓▓▓▓▓▓▓▓▓▓▓▓
..)........'...A@...(.......))'.[
▓▓▓▓▓▓▓▓▓▓▓▓▓▓▓▓▓▓▓▓▓▓▓▓▓▓▓▓▓▓▓▓▓


You could see Mennas.

Vanquished Creatures
  Boris (D)
  Frances (D)
  A tengu reaver (D)
  2 fire giants (D)
  Donald (D)
  A ghost moth (D)
  A frost giant (D)
  3 vault wardens (D)
  A very ugly thing (D)
  4 stone giants (D)
  A spark wasp (D)
  5 ettins (D)
  3 fire dragons (D)
  2 merfolk javelineers (D)
  2 yaktaur captains (D)
  An ogre mage (D)
  A hydra (D)
  2 ice dragons (D)
  A spriggan air mage (D)
  2 catoblepae (D)
  A death knight (D)
  2 merfolk aquamancers (D)
  A merfolk avatar (D)
  Erica (D)
  4 death yaks (D)
  A naga sharpshooter (D)
  2 tengu warriors (D)
  Urug (D)
  A shock serpent (D)
  A deep elf knight (D)
  2 unseen horrors (D)
  A spriggan druid (D)
  A shambling mangrove (D)
  2 sea snakes (D)
  4 deep trolls (D)
  2 ironbrand convokers (D)
  5 hill giants (D)
  5 orc knights (D)
  An oklob plant (D)
  An orc sorcerer (D)
  3 wolf spiders (D)
  2 ugly things (D)
  An elephant (D)
  3 black mambas (D)
  2 naga magi (D)
  2 guardian serpents (D)
  4 spiny frogs (D)
  2 vault sentinels (D)
  A torpor snail (D)
  A demonic crawler (D)
  A komodo dragon (D)
  A jumping spider (D)
  4 trolls (D)
  2 merfolk (D)
  2 tyrant leeches (D)
  A hornet (D)
  2 bog bodies (D)
  2 slime creatures (D)
  A hippogriff (shapeshifter) (D)
  3 hippogriffs (D)
  2 tarantellas (D)
  2 wyverns (D)
  A redback (D)
  A spriggan (D)
  2 yaks (D)
  A hog (shapeshifter) (D)
  A vampire mosquito (D)
  Grum (D)
  A naga (D)
  A water moccasin (D)
  A swamp drake (D)
  10 orc warriors (D)
  4 porcupines (D)
  A black bear (D)
  2 wolves (D)
  2 boggarts (D)
  An ogre (D)
  2 crocodiles (D)
  2 centaurs (D)
  3 bullfrogs (D)
  A killer bee (D)
  An orc priest (D)
  A jelly (D)
  An iguana (D)
  4 orc wizards (D)
  2 worker ants (D)
  2 adders (D)
  An adder skeleton (D)
  An adder zombie (D)
  A dart slug (D)
  8 orcs (D)
  A giant cockroach zombie (D)
  2 kobolds (D)
  2 rats (D)
184 creatures vanquished.

Notes
Turn   | Place    | Note
-------+----------+-------------------------------------------
     0 | D        | equalderp2856 the Felid Fighter began the quest for the Orb.
     0 | D        | Reached XP level 1. HP: 10/10 MP: 2/2
   203 | D        | Noticed an ogre
   203 | D        | Noticed a worker ant
   208 | D        | Killed a worker ant
   208 | D        | Reached skill level 5 in Dodging
   208 | D        | Reached skill level 6 in Unarmed Combat
   208 | D        | Reached XP level 2. HP: 15/15 MP: 3/3
   208 | D        | Reached XP level 3. HP: 18/18 MP: 4/4
   226 | D        | Killed an ogre
   226 | D        | Reached skill level 5 in Fighting
   226 | D        | Reached skill level 8 in Unarmed Combat
   226 | D        | Reached XP level 4. HP: 23/23 MP: 5/5
   240 | D        | Found a roughly hewn altar of Beogh.
   240 | D        | Found a snail-covered altar of Cheibriados.
   240 | D        | Found a shadowy altar of Dithmenos.
   240 | D        | Found a white marble altar of Elyvilon.
   240 | D        | Found a blossoming altar of Fedhas.
   240 | D        | Found an opulent altar of Gozag.
   241 | D        | Found a hazy altar of Hepliaklqana.
   242 | D        | Found a viscous altar of Jiyva.
   243 | D        | Found an ancient bone altar of Kikubaaqudgha.
   244 | D        | Found a corrupted altar of Lugonu.
   245 | D        | Found a burning altar of Makhleb.
   246 | D        | Found a sparkling altar of Nemelex Xobeh.
   247 | D        | Found an iron altar of Okawaru.
   248 | D        | Found a stormy altar of Qazlal.
   249 | D        | Found a sacrificial altar of Ru.
   250 | D        | Found a deep blue altar of Sif Muna.
   254 | D        | Became a worshipper of Gozag Ym Sagoz the Greedy
   258 | D        | Found a bloodstained altar of Trog.
   259 | D        | Found a hide-covered altar of Uskayaw.
   260 | D        | Found a radiant altar of Vehumet.
   261 | D        | Found a shimmering altar of Xom.
   262 | D        | Found a basalt altar of Yredelemnul.
   263 | D        | Found a glowing silver altar of Zin.
   264 | D        | Found a glowing golden altar of the Shining One.
   289 | D        | Noticed a wyvern
   289 | D        | Noticed an unseen horror
   294 | D        | Reached skill level 1 in Stealth
   294 | D        | Reached skill level 9 in Unarmed Combat
   294 | D        | Reached XP level 5. HP: 20/26 MP: 6/6
   317 | D        | Killed an unseen horror
   317 | D        | Reached skill level 10 in Dodging
   317 | D        | Reached skill level 12 in Unarmed Combat
   317 | D        | Gained mutation: You are covered in thick fur. (AC +2) [Felid growth]
   317 | D        | Reached XP level 6. HP: 33/33 MP: 7/7
   317 | D        | Reached XP level 7. HP: 36/36 MP: 8/8
   331 | D        | Killed a wyvern
   331 | D        | Reached skill level 13 in Unarmed Combat
   424 | D        | Noticed a hill giant
   424 | D        | Noticed a hippogriff
   424 | D        | Noticed a four-headed hydra
   447 | D        | Reached XP level 8. HP: 14/40 MP: 9/9
   447 | D        | Killed a hippogriff
   447 | D        | Reached skill level 5 in Stealth
   447 | D        | Reached skill level 14 in Unarmed Combat
   452 | D        | Killed a four-headed hydra
   452 | D        | Reached skill level 15 in Unarmed Combat
   452 | D        | Reached skill level 1 in Evocations
   723 | D        | Killed a hill giant
   723 | D        | Reached XP level 9. HP: 45/45 MP: 9/11
   805 | D        | Noticed Grum
   815 | D        | Killed Grum
   815 | D        | Reached skill level 16 in Unarmed Combat
   911 | D        | Noticed a black mamba
   911 | D        | Noticed a spiny frog
   912 | D        | Noticed a spiny frog
   921 | D        | Killed a spiny frog
   944 | D        | Noticed a spiny frog
   944 | D        | Killed a black mamba
   944 | D        | Reached skill level 17 in Unarmed Combat
  1145 | D        | Killed a spiny frog
  1145 | D        | Reached XP level 10. HP: 49/49 MP: 13/13
  1148 | D        | Killed a spiny frog
  1151 | D        | Noticed an elephant
  1167 | D        | Killed an elephant
  1291 | D        | Noticed a spiny frog
  1291 | D        | Noticed an oklob plant
  1295 | D        | Reached skill level 18 in Unarmed Combat
  1298 | D        | Killed an oklob plant
  1300 | D        | Reached skill level 10 in Stealth
  1303 | D        | Killed a spiny frog
  1597 | D        | Noticed a catoblepas
  1597 | D        | Noticed a death yak
  1597 | D        | Noticed a catoblepas
  1597 | D        | Noticed a death yak
  1597 | D        | Noticed a death yak
  1601 | D        | Noticed a death yak
  1604 | D        | Killed a death yak
  2528 | D        | Killed a death yak
  2528 | D        | Reached skill level 19 in Unarmed Combat
  2672 | D        | Killed a catoblepas
  2672 | D        | Reached XP level 11. HP: 54/54 MP: 15/15
  2814 | D        | Killed a death yak
  2821 | D        | Killed a death yak
  2821 | D        | Reached skill level 20 in Unarmed Combat
  3098 | D        | Slain by a catoblepas
  3099 | D        | Reached XP level 10. HP: -1/50 MP: 14/14
  3167 | D        | Noticed Urug
  3173 | D        | Noticed Erica
  3174 | D        | Killed Urug
  3185 | D        | Killed Erica
  3338 | D        | Killed a catoblepas
  3338 | D        | Reached skill level 15 in Dodging
  3874 | D        | Noticed an orc knight
  4106 | D        | Killed an orc knight
  4188 | D        | Reached skill level 21 in Unarmed Combat
  4259 | D        | Reached XP level 11. HP: 39/54 MP: 15/15
  4467 | D        | Noticed an orc sorcerer
  4479 | D        | Killed an orc sorcerer
  4674 | D        | Found Hodghoys's General Store.
  4674 | D        | Noticed a deep troll
  4674 | D        | Noticed a deep troll
  4674 | D        | Noticed an ettin
  4675 | D        | Noticed a hill giant
  5145 | D        | Killed an ettin
  5506 | D        | Killed a deep troll
  5604 | D        | Reached skill level 22 in Unarmed Combat
  5622 | D        | Found Toth's Assorted Antiques.
  5623 | D        | Noticed an ettin
  5629 | D        | Killed a deep troll
  5629 | D        | Reached skill level 10 in Fighting
  5752 | D        | Killed a hill giant
  5777 | D        | Found Raepur's Distillery.
  5778 | D        | Noticed a deep troll
  5779 | D        | Found Qujukh's Assorted Antiques.
  5780 | D        | Noticed a hill giant
  6218 | D        | Killed an ettin
  6384 | D        | Killed a deep troll
  6384 | D        | Reached skill level 15 in Stealth
  6421 | D        | Killed a hill giant
  6427 | D        | Noticed a deep troll
  6439 | D        | Killed a deep troll
  6439 | D        | Reached skill level 23 in Unarmed Combat
  6462 | D        | Noticed a hill giant
  6618 | D        | Killed a hill giant
  7060 | D        | Bought a murky yellow potion for 21 gold pieces
  7060 | D        | Bought a scroll labeled XUHEMO TERR for 24 gold pieces
  7060 | D        | Bought a jade ring for 120 gold pieces
  7064 | D        | Bought a dark potion for 23 gold pieces
  7064 | D        | Bought a scroll labeled QOMPEN YMAYLAL for 26 gold pieces
  7064 | D        | Bought a scroll labeled WANWEF UCLOI for 26 gold pieces
  7064 | D        | Bought a scroll labeled QOMPEN YMAYLAL for 26 gold pieces
  7066 | D        | Bought a potion of curing for 33 gold pieces
  7066 | D        | Bought a scroll of amnesia for 38 gold pieces
  7070 | D        | Bought a potion of curing for 33 gold pieces
  7070 | D        | Bought a potion of agility for 44 gold pieces
  7072 | D        | Bought 2 viscous green potions for 43 gold pieces
  7226 | D        | Bought a scroll of blinking for 97 gold pieces
  7226 | D        | Bought a scroll of summoning for 123 gold pieces
  7232 | D        | Bought a book of Misfortune for 280 gold pieces
  7232 | D        | Bought a book of Beasts for 770 gold pieces
  7232 | D        | Bought a book of Air for 490 gold pieces
  7286 | D        | Learned a level 1 spell: Confusing Touch
  7289 | D        | Learned a level 2 spell: Swiftness
  7293 | D        | Learned a level 3 spell: Confuse
  7296 | D        | Learned a level 2 spell: Repel Missiles
  7358 | D        | Noticed an orc knight
  7358 | D        | Noticed an unseen horror
  7360 | D        | Killed an unseen horror
  7362 | D        | Noticed an ettin
  7365 | D        | Noticed a hill giant
  7366 | D        | Noticed a stone giant
  7371 | D        | Noticed a green very ugly thing
  7372 | D        | Gained mutation: Your thick and shaggy fur keeps you warm. (AC +3, rC+) [Felid growth]
  7372 | D        | Reached XP level 12. HP: 51/58 MP: 16/16
  7373 | D        | Noticed an ettin
  7390 | D        | Noticed a fire giant
  7390 | D        | Killed a stone giant
  7506 | D        | Reached skill level 1 in Charms
  7661 | D        | Killed a green very ugly thing
  7772 | D        | Slain by a fire giant
  7773 | D        | Reached XP level 11. HP: -2/54 MP: 15/15
  7933 | D        | Killed a fire giant
  7933 | D        | Reached skill level 24 in Unarmed Combat
  7998 | D        | Killed an ettin
  7998 | D        | Reached skill level 1 in Air Magic
  8043 | D        | Noticed a tengu warrior
  8051 | D        | Killed an ettin
  8055 | D        | Killed a hill giant
  8055 | D        | Reached skill level 1 in Spellcasting
  8063 | D        | Killed a tengu warrior
  8091 | D        | Noticed a fire dragon
  8267 | D        | Killed a fire dragon
  8447 | D        | Noticed Frances
  8461 | D        | Killed Frances
  8461 | D        | Reached skill level 25 in Unarmed Combat
  8461 | D        | Reached XP level 12. HP: 11/58 MP: 16/16
  8731 | D        | Noticed Maurice
  9399 | D        | Noticed a ghost moth
  9833 | D        | Killed a ghost moth
  9833 | D        | Reached skill level 26 in Unarmed Combat
 10009 | D        | Noticed a merfolk avatar
 10009 | D        | Noticed a merfolk aquamancer
 10009 | D        | Noticed a merfolk aquamancer
 10016 | D        | Killed a merfolk aquamancer
 10016 | D        | Noticed a merfolk javelineer
 10023 | D        | Noticed a merfolk javelineer
 10032 | D        | Killed a merfolk aquamancer
 10047 | D        | Killed a merfolk avatar
 10156 | D        | Killed a merfolk javelineer
 10644 | D        | Killed a merfolk javelineer
 11222 | D        | Reached XP level 13. HP: 34/62 MP: 17/17
 11949 | D        | Bought a book of Maledictions for 375 gold pieces
 11990 | D        | Learned a level 1 spell: Corona
 12006 | D        | Learned a level 1 spell: Summon Butterflies
 12732 | D        | Reached skill level 27 in Unarmed Combat
 12732 | D        | Reached skill level 1 in Summonings
 12868 | D        | Noticed Donald
 12875 | D        | Killed Donald
 12953 | D        | Noticed a stone giant
 12953 | D        | Noticed a tengu reaver
 12954 | D        | Noticed a spark wasp
 12957 | D        | Killed a tengu reaver
 12960 | D        | Noticed a fire giant
 13015 | D        | Reached skill level 1 in Hexes
 13154 | D        | Killed a stone giant
 13154 | D        | Reached skill level 5 in Spellcasting
 13317 | D        | Killed a spark wasp
 14412 | D        | Killed a fire giant
 14432 | D        | Noticed a fire dragon
 14868 | D        | Killed from afar by a fire dragon
 14869 | D        | Reached XP level 12. HP: 0/59 MP: 22/22
 14873 | D        | Noticed a fire dragon
 14873 | D        | Noticed a frost giant
 14873 | D        | Noticed a vault warden
 14873 | D        | Noticed a vault warden
 14873 | D        | Noticed a stone giant
 14875 | D        | Killed a fire dragon
 14882 | D        | Killed a frost giant
 14882 | D        | Reached skill level 5 in Summonings
 14886 | D        | Killed a vault warden
 14887 | D        | Noticed an ogre mage
 14893 | D        | Noticed a death knight
 14894 | D        | Killed a vault warden
 14894 | D        | Reached XP level 13. HP: 60/63 MP: 24/24
 14900 | D        | Killed a stone giant
 14971 | D        | Noticed a vault warden
 15003 | D        | Reached skill level 5 in Hexes
 15022 | D        | Killed a vault warden
 15676 | D        | Noticed a stone giant
 15685 | D        | Killed a stone giant
 15817 | D        | Noticed an ettin
 15826 | D        | Killed an ettin
 15903 | D        | Killed a fire dragon
 16165 | D        | Noticed Boris
 16167 | D        | Noticed Mennas
 16578 | D        | Killed from afar by Boris
 16579 | D        | Reached XP level 12. HP: -33/60 MP: 26/26
 16755 | D        | Killed Boris
 16755 | D        | Reached XP level 13. HP: 53/63 MP: 27/27
 16774 | D        | Slain by Mennas

Skill      XL: |  1  2  3  4  5  6  7  8  9 10 11 12 13 |
---------------+----------------------------------------+-----
Dodging        | 5 6 7 10 12 13 15 16 21 20 | 21.1
Unarmed Combat | 6 8 9 12 13 15 17 21 25 26 27 | 27.0
Fighting       | 5 7 8 9 10 11 | 11.3
Stealth        | 1 4 6 8 13 15 25 24 | 25.2
Evocations     | 1 3 4 |  4.6
Charms         | 1 4 |  4.8
Air Magic      | 1 3 |  3.6
Spellcasting   | 1 7 9 |  9.3
Summonings     | 5 6 |  6.5
Hexes          | 3 6 |  6.7

Action                   |  1- 3 |  4- 6 |  7- 9 | 10-12 | 13-15 || total
-------------------------+-------+-------+-------+-------+-------++-------
Melee: Unarmed           |    23 |    16 |    61 |   503 |   183 ||   786
       Bite              |     6 |     3 |     8 |    68 |    20 ||   105
       Punch             |     2 |     2 |     6 |    66 |    20 ||    96
 Cast: Repel Missiles    |       |       |       |     1 |     1 ||     2
       Confusing Touch   |       |       |       |       |     7 ||     7
       Summon Butterflie |       |       |       |       |     2 ||     2
Invok: Call Merchant     |       |       |       |     2 |     1 ||     3
       Potion Petition   |       |       |       |     2 |     3 ||     5
Evoke: Wand              |       |       |     7 |       |       ||     7
  Use: Potion            |     1 |     2 |     1 |    10 |     2 ||    16
       Scroll            |       |       |       |       |     2 ||     2
 Stab: Sleeping          |       |     1 |       |     7 |     4 ||    12
       Distracted        |       |       |     3 |    13 |     3 ||    19
       Confused          |       |       |       |       |     3 ||     3
  Eat: Meat ration       |       |       |       |     3 |     2 ||     5
Armor: Skin              |       |       |     1 |     6 |     2 ||     9
Dodge: Dodged            |    13 |    16 |    47 |   293 |   107 ||   476
       Deflected         |       |       |       |     1 |     1 ||     2
